 Dungeon Crawl Stone Soup version 0.30.1-11-g7821555f0a (webtiles) character file.

Game seed: 2486946632737277297

531 jagang the Slasher (level 7, -3/56 HPs)
             Began as a Barachi Monk on Dec 20, 2023.
             Was a Believer of the Shining One.
             Killed by divine providence
             ... invoked by an orc priest
              (12 damage)
             ... on level 5 of the Dungeon.
             The game lasted 00:08:20 (3301 turns).

jagang the Slasher (Barachi Monk)                   Turns: 3301, Time: 00:08:23

Health: -3/56      AC:  6    Str: 12    XL:     7   Next: 24%
Magic:  4/7        EV: 11    Int: 11    God:    the Shining One [**....]
Gold:   231        SH: 11    Dex: 16    Spells: 6/6 levels left

rFire   . . .        h - +0 scimitar
rCold   . . .        j - +0 buckler
rNeg    + . .        t - +0 ring mail
rPois   .            (no helmet)
rElec   .            (no cloak)
rCorr   .            (no gloves)
SInv    .            f - +0 pair of boots
Will    .....        (no amulet)
Stlth   +            (no ring)
HPRegen 0.29/turn    (no ring)
MPRegen 0.10/turn

%: no passive effects
@: divinely shielded, glowing, slow
A: amphibious, slowness 1, strong legs 1, +LOS
a: Hop, Renounce Religion, Divine Shield


You were on level 5 of the Dungeon.
You worshipped the Shining One.
The Shining One was pleased with you.
You visited 1 branch of the dungeon, and saw 5 of its levels.

You collected 231 gold pieces.

Inventory:

Hand Weapons
 h - a +0 scimitar (weapon)
Missiles
 m - 5 poisoned darts (quivered)
Armour
 d - an orb of light
 f - a +0 pair of boots (worn)
 j - a +0 buckler (worn)
 t - a +0 ring mail (worn)
Wands
 i - a wand of iceblast (8)
Scrolls
 b - 2 scrolls of noise
 g - 3 scrolls of blinking
 k - a scroll of enchant weapon
 n - a scroll of fog {unknown}
 p - a scroll of teleportation {unknown}
 r - a scroll of immolation {unknown}
 u - a scroll of vulnerability {unknown}
Potions
 a - a potion of curing {unknown}
 c - a potion of ambrosia
 e - a potion of might {unknown}
 l - 3 potions of flight
 q - 2 potions of attraction {unknown}
 s - a potion of mutation {unknown}


   Skills:
 + Level 5.3 Fighting
 * Level 6.7 Long Blades
 + Level 3.6 Armour
 - Level 3.2 Dodging
 + Level 3.0 Shields
 + Level 1.1 Invocations


You had 6 spell levels left.
You didn't know any spells.
Your spell library contained the following spells:

 Spells                   Type           Power      Damage    Failure   Level
 Cigotuvi's Dreadful Rot  Necr/Pois/Air  0%         N/A       85%         2
 Ignite Poison            Fire/Tmut/Pois 0%         N/A       97%         3
 Freezing Cloud           Conj/Ice/Air   0%         6-21      100%        5


Dungeon Overview and Level Annotations

Branches:
Dungeon (5/15)             Temple (0/1) D:4

Altars:
Cheibriados
Fedhas
Hepliaklqana
Qazlal
Sif Muna
Yredelemnul
Zin
The Shining One

Annotations:
D:5 Prince Ribbit


Innate Abilities, Weirdness & Mutations

You are amphibious.
You cover ground slowly.
You can hop short distances.
You have an extended range of vision and can be seen from far away.


Message History

Prince Ribbit blinks!
You block the orc wizard's attack. The orc hits you but does no damage.
The orc priest hits you but does no damage.
You slash the orc wizard!
The orc wizard is almost dead.
The orc wizard casts a spell at you.
The magic dart hits you but does no damage.
You block the orc's attack.
The orc priest hits you from afar with a +0 trident.
You slash the orc wizard!
You kill the orc wizard!
The orc barely misses you.
The orc priest hits you but does no damage.
Your Shields skill increases to level 3!
The orc misses you.
The orc priest hits you with a +0 trident.
* * * LOW HITPOINT WARNING * * *
Items here: ) ? [ †.
You hit the orc priest.
The orc priest is moderately wounded.
The orc barely misses you.
The orc priest invokes the aid of Beogh against you.
Pain shoots through your body!
* * * LOW HITPOINT WARNING * * *
You hit the orc priest.
The orc priest is moderately wounded.
An orc comes into view. It is wielding a +0 flail.
The orc barely misses you.
The orc priest hits you with a +0 trident.
* * * LOW HITPOINT WARNING * * *
You block the orc's attack.
The orc priest hits you with a +0 trident.
* * * LOW HITPOINT WARNING * * *
The orc shouts!
You hit the orc priest.
The orc priest is heavily wounded.
You block the orc's attack.
The orc priest mumbles some strange prayers to Beogh against you.
Beogh smites you!
You die...

... #.#
#....#.....
..###'##
###....#.....
......#
#...........#
.....#
#............
.)..#
#............ o..#
#............
#O.###............
#oo.##########....
#@#..# #####.###
#)# ..# ##.....#
#.# #.# #..#####
#.# #.###.########
#.# #...(.###.....
#.# ####>........#
#.# ######.##.#
#.###########.##.#
#..............#.#


You could see an ogre, an orc priest and 2 orcs.

Vanquished Creatures
  A black bear (D:4)
  An ogre (D:4)
  A scorpion (D:4)
  A jelly (D:5)
  2 orc wizards
  A sleepcap (D:4)
  2 iguanas (D:4)
  5 adders
  A white imp (D:5)
  3 dart slugs
  4 orcs
  5 ball pythons
  7 bats
  5 endoplasms
  3 giant cockroaches
  10 hobgoblins
  6 jackals
  3 quokkas
  3 frilled lizards
  7 goblins
  6 kobolds
  5 rats
82 creatures vanquished.

Notes
Turn   | Place    | Note
-------+----------+-------------------------------------------
     0 | D:1      | jagang the Barachi Monk began the quest for the Orb.
     0 | D:1      | Reached XP level 1. HP: 18/18 MP: 1/1
    58 | D:1      | Reached skill level 4 in Long Blades
    58 | D:1      | Reached XP level 2. HP: 14/25 MP: 2/2
   316 | D:1      | Reached skill level 1 in Armour
   615 | D:2      | Reached XP level 3. HP: 30/30 MP: 3/3
   623 | D:2      | Found a glowing golden altar of the Shining One.
   631 | D:2      | Became a worshipper of the Shining One
   631 | D:2      | Reached * piety under the Shining One
   631 | D:2      | Reached ** piety under the Shining One
  1150 | D:3      | Found a stormy altar of Qazlal.
  1150 | D:3      | Found a blossoming altar of Fedhas.
  1162 | D:3      | Reached skill level 1 in Shields
  1249 | D:3      | Reached XP level 4. HP: 23/37 MP: 4/4
  1457 | D:3      | Found a faded altar of an unknown god.
  1479 | D:3      | You fall into a shaft and drop 1 floor!
  1483 | D:4      | Noticed a black bear
  1497 | D:4      | Killed a black bear
  1498 | D:4      | Reached skill level 5 in Long Blades
  1498 | D:4      | Reached XP level 5. HP: 14/43 MP: 5/5
  1620 | D:4      | Found a snail-covered altar of Cheibriados.
  1639 | D:4      | Found a hazy altar of Hepliaklqana.
  1704 | D:4      | Found a glowing silver altar of Zin.
  1874 | D:3      | Found a basalt altar of Yredelemnul.
  1955 | D:3      | Found a shimmering blue altar of Sif Muna.
  2313 | D:4      | Reached XP level 6. HP: 40/49 MP: 6/6
  2354 | D:4      | Reached skill level 6 in Long Blades
  2493 | D:4      | Reached skill level 5 in Fighting
  2669 | D:4      | Reached XP level 7. HP: 51/56 MP: 7/7
  3010 | D:4      | Found a staircase to the Ecumenical Temple.
  3131 | D:5      | Entered Level 5 of the Dungeon
  3143 | D:5      | Reached skill level 1 in Invocations
  3286 | D:5      | Noticed Prince Ribbit
  3301 | D:5      | Killed from afar by an orc priest

Illustrated notes

Levels and vault maps discovered:
D:1:      saegor_arrival_simple_c, layout_rooms, minmay_misc_feat_roman,
          hangedman_decor_peaks_small
D:2:      layout_loops_ring, basic_altar, chequers_serial_rivers_room_a
D:3:      layout_basic, grunt_temple_overflow_forces_of_nature,
          nicolae_sif_muna_little_library, mainiacjoe_overflow_brackets,
          nicolae_ecumenical_snake_handling, amcnicky_mini_pool_small
D:4:      layout_gridville, nzn_hepliaklqana_mist_gate, zin_academy,
          mainiacjoe_overflow_paths, temple_statues
D:5:      layout_basic, uniq_prince_ribbit1

Skill      XL: |  1  2  3  4  5  6  7 |
---------------+----------------------+-----
Long Blades    | 4 5 6 |  6.7
Armour         | 1 2 3 |  3.6
Fighting       | 4 5 |  5.3
Shields        | 1 2 3 |  3.0
Invocations    | 1 |  1.1
Dodging        | |  3.2

Action                     |  1- 3 |  4- 6 |  7- 9 || total
---------------------------+-------+-------+-------++-------
  Melee: Falchion          |    21 |       |       ||    21
         Scimitar          |    75 |   103 |    31 ||   209
  Throw: Dart              |       |     3 |     2 ||     5
 Invoke: Divine Shield     |       |       |     1 ||     1
    Use: Scroll            |       |     1 |     3 ||     4
 Armour: Robe              |     4 |       |       ||     4
         Leather armour    |    31 |    31 |       ||    62
         Ring mail         |       |     6 |    12 ||    18
  Dodge: Dodged            |    73 |    75 |    10 ||   158
  Block: Buckler           |    21 |    24 |     9 ||    54
